 Dungeon Crawl Stone Soup version 0.23.0-3-gf3c87f2 (webtiles) character file.

Game seed: 13387682606622527698

2 Clumpoid the Caller (level 1, 13/13 HPs)
             Began as a Gnoll Wanderer on Feb 24, 2019.
             Got out of the dungeon alive.
             The game lasted 00:00:55 (397 turns).

Clumpoid the Caller (Gnoll Wanderer)                 Turns: 397, Time: 00:00:55

Health: 13/13      AC:  2    Str: 13    XL:     1   Next: 30%
Magic:  4/4        EV: 11    Int: 14    God:
Gold:   26         SH:  0    Dex: 15    Spells: 4/5 levels left

rFire    . . .     SeeInvis .   a - +0 hand axe
rCold    . . .     Gourm    .   (no shield)
rNeg     . . .     Faith    .   e - +0 robe
rPois    .         Spirit   .   (no helmet)
rElec    .         Reflect  .   (no cloak)
rCorr    .         Harm     .   (no gloves)
MR       .....                  (no boots)
Stlth    +.........             (no amulet)
HPRegen  0.04/turn              (no ring)
MPRegen  0.09/turn              (no ring)

@: no status effects
A: distributed training, fangs 1, strong nose
a: no special abilities


You escaped.
You were not hungry.

You visited 1 branch of the dungeon, and saw 1 of its levels.

You collected 26 gold pieces.

Inventory:

Hand Weapons
 a - a +0 hand axe (weapon)
Missiles
 h - 11 arrows
Armour
 e - a +0 robe (worn)
Wands
 d - a wand of random effects (15)
Scrolls
 c - a scroll of teleportation {unknown}
 g - 2 scrolls of immolation {unknown}
Potions
 b - a potion of magic {unknown}
Comestibles
 f - 2 rations


   Skills:
 + Level 0.0 Fighting
 + Level 0.0 Short Blades
 + Level 0.0 Long Blades
 + Level 0.0 Axes
 + Level 0.0 Maces & Flails
 + Level 0.0 Polearms
 + Level 0.0 Staves
 + Level 0.0 Slings
 + Level 2.3 Bows
 + Level 0.0 Crossbows
 + Level 0.0 Throwing
 + Level 4.4 Armour
 + Level 0.0 Dodging
 + Level 0.0 Stealth
 + Level 2.3 Shields
 + Level 0.0 Unarmed Combat
 + Level 2.6 Spellcasting
 + Level 0.0 Conjurations
 + Level 0.0 Hexes
 + Level 0.0 Charms
 + Level 5.3 Summonings
 + Level 0.0 Necromancy
 + Level 0.0 Translocations
 + Level 0.0 Transmutations
 + Level 0.0 Fire Magic
 + Level 1.9 Ice Magic
 + Level 0.0 Air Magic
 + Level 0.0 Earth Magic
 + Level 0.0 Poison Magic
 + Level 0.0 Invocations
 + Level 2.3 Evocations


You had 4 spell levels left.
You knew the following spells:

 Your Spells              Type           Power        Failure   Level  Hunger
a - Summon Small Mammal   Summ           ###.         2%          1    #......

Your spell library contained the following spells:

 Spells                   Type           Power        Failure   Level  Hunger
 Call Imp                 Summ           ###.....     3%          2    ###....
 Call Canine Familiar     Summ           ###.....     8%          3    ###....
 Summon Guardian Golem    Hex/Summ       #.......     22%         3    ###....
 Summon Ice Beast         Ice/Summ       ##......     45%         4    #####..
 Summon Lightning Spire   Summ/Air       #.......     58%         4    #####..


Dungeon Overview and Level Annotations

Branches:
Dungeon (1/15)

Altars:


Innate Abilities, Weirdness & Mutations

Your experience applies equally to all skills.
You have very sharp teeth.
Your uncanny sense of smell can sniff out nearby items.


Message History

You start resting.
HP restored.
b - a ruby potion You now have 26 gold pieces (gained 16).
c - a scroll labeled OGIDYV MESUAT
g - 2 scrolls labeled RECEAD VEHIQOJ
f - 2 rations (gained 1)
Found a stone staircase leading down.
You see here 11 arrows.
h - 11 arrows
Okay, then.
Wield which item (- for none, * to show all)? (? for menu, Esc to quit)
Okay, then.
There is an open door here.
There is a staircase leading out of the dungeon here.
Things that are here:
a +0 hand crossbow; 27 bolts You can't go down here!
Are you sure you want to leave the Dungeon?
This will make you lose the game!
You have escaped!

#.##.## .#
#.##.######## .#
#...........# .#
#####.######.####.###
......# #..#.....#
####..######.....#
#.........##.###'##
#........>##.##...#
#.........##.##.@.#
#....))...##.##...#
#.........##.###+##
#.........##.# ∆
.........(##.#
.............#
..........##.#
#..######## # #..#


There were no monsters in sight!

Vanquished Creatures
  A hobgoblin (D:1)
  A kobold (D:1)
2 creatures vanquished.

Notes
Turn   | Place    | Note
-------+----------+-------------------------------------------
     0 | D:1      | Clumpoid the Gnoll Wanderer began the quest for the Orb.
     0 | D:1      | Clumpoid set off with the following items: a +0 hand
                  | crossbow, 27 bolts, a wand of random effects (15), a +0
                  | robe, a ration; and the following spell memorised: Summon
                  | Small Mammal; and the following spells available to
                  | memorise: Call Imp, Call Canine Familiar, Summon Guardian
                  | Golem, Summon Ice Beast, Summon Lightning Spire
     0 | D:1      | Reached XP level 1. HP: 13/13 MP: 4/4
   397 | D:$      | Got out of the dungeon alive.

Action                   || total
-------------------------++-------
Melee: Hand axe          ||     8
       Bite              ||     2
Armor: Robe              ||     1
Dodge: Dodged            ||     8
